 Dungeon Crawl Stone Soup version 0.30-a0-1043-g60ff8d5f49 (webtiles) character file.

Game seed: 12087042950985020971

32 Esekla the Sneak (level 3, 0/26 HPs)
             Began as an Octopode Delver on Apr 9, 2023.
             Was an Initiate of Gozag.
             Slain by a scorpion (5 damage)
             ... on level 5 of the Dungeon.
             The game lasted 00:02:03 (228 turns).

Esekla the Sneak (Octopode Delver)                   Turns: 228, Time: 00:02:04

Health: 0/26       AC:  1    Str: 11    XL:     3   Next: 25%
Magic:  4/4        EV: 13    Int: 14    God:    Gozag
Gold:   29         SH:  0    Dex: 13    Spells: 3/3 levels left

rFire   . . .      SeeInvis .    a - +0 falchion
rCold   . . .      Faith    .    (no shield)
rNeg    . . .      Spirit   .    (helmet restricted)
rPois   .          Reflect  .    (no amulet)
rElec   .          Rampage  .    (no ring)
rCorr   .                        (no ring)
Will    .....                    (no ring)
Stlth   ++++                     (no ring)
HPRegen 0.24/turn                (no ring)
MPRegen 0.09/turn                (no ring)
                                 (no ring)
                                 (no ring)

@: lethally poisoned (0 -> -1)
A: almost no armour, amphibious, 8 rings, camouflage 1, gelatinous body 1,
(nimble swimmer 1), tentacles
a: Renounce Religion, Potion Petition, Call Merchant, Bribe Branch


You were on level 5 of the Dungeon.
You worshipped Gozag.
Gozag was noncommittal.
You visited 1 branch of the dungeon, and saw 1 of its levels.

You collected 39 gold pieces.
You paid 10 gold pieces to Gozag.

Inventory:

Hand Weapons
 a - a +0 falchion (weapon)
Missiles
 i - 3 boomerangs (quivered)
Wands
 f - a wand of digging (3)
Scrolls
 b - a scroll of fog
 c - 2 scrolls of magic mapping
 d - a scroll of fear
 g - a scroll of vulnerability {unknown}
 h - a scroll of teleportation {unknown}
 j - a scroll of amnesia {unknown}
Potions
 e - a potion of haste


   Skills:
 * Level 3.2 Fighting
 * Level 2.2 Long Blades
 * Level 2.2 Dodging
 + Level 7.2 Stealth
 * Level 0.6 Spellcasting


You had 3 spell levels left.
You didn't know any spells.
Your spell library was empty.

Dungeon Overview and Level Annotations

Branches:
Dungeon (5/15)
 Temple: D:4-7

Altars:
Gozag

Annotations:
D:5 1 transporter, DeathPants's ghost, novice NaVM


Innate Abilities, Weirdness & Mutations

You cannot wear most types of armour.
You are amphibious.
You can wear up to eight rings at the same time.
Your skin changes colour to match your surroundings (Stealth+).
Your rubbery body absorbs attacks. (AC +1, EV +1)
((You are camouflaged when in or above water. (Stealth+)))
You have tentacles for arms and can constrict up to eight enemies at once.


Message History

There is an opulent altar of Gozag here.
You curl up in front of the altar of Gozag.
Gozag welcomes you!
You pay a service fee of 10 gold.
There is an opulent altar of Gozag here.
Found a ring mail.
Found 13 gold pieces.
You now have 29 gold pieces (gained 13).
A centaur comes into view.
There is an opulent altar of Gozag here.
Found a scroll of magic mapping.
A scorpion comes into view.
You see here a scroll of magic mapping.
c - 2 scrolls of magic mapping (gained 1)
You hit the scorpion. You grab the scorpion.
The scorpion is lightly wounded.
You constrict the scorpion, but do no damage.
The scorpion stings you but does no damage.
You hit the scorpion but do no damage.
The scorpion is lightly wounded.
You constrict the scorpion, but do no damage.
The scorpion stings you.
You are poisoned.
The scorpion poisons you! The scorpion stings you.
You hit the scorpion but do no damage.
The scorpion is lightly wounded.
You constrict the scorpion.
You feel sick. The scorpion stings you.
You hit the scorpion but do no damage.
The scorpion is moderately wounded.
You constrict the scorpion.
You feel sick. The scorpion closely misses you.
You hit the scorpion.
The scorpion is heavily wounded.
You constrict the scorpion.
You feel sick. The scorpion stings you.
* * * LOW HITPOINT WARNING * * *
The scorpion misses you.
You hit the scorpion but do no damage.
The scorpion is heavily wounded.
You constrict the scorpion.
You feel sick. The scorpion stings you.
You die...
Your body crumbles into a pile of gold.

## *,,..**........##*,....,.....
.# *#..............##....#*#....
.# ###.#...................##....
## *................#*,.......h<.
#####...........##.##*,........#.
...#..#......##.#...#,........>**
#...........###.#..##.........###
............##..s.......#*#....#.
##..............@......## ##.....
.....###.#####...#####..# ##.#.#
.##.##.....#####.# ##.# #..###
###.#.8...8.####.# #..####..# #
###.#.......#....# ##....#..#*
##......_.......## #........#
##.#.......#...# ###..##....## #
###.8...8.#...###.#...#.....###
##.....##..............##..#.


You could see a scorpion.

Vanquished Creatures
  A hound (D:5)
1 creature vanquished.

Notes
Turn   | Place    | Note
-------+----------+-------------------------------------------
     0 | D:5      | Esekla the Octopode Delver began the quest for the Orb.
     0 | D:5      | Reached XP level 1. HP: 16/16 MP: 1/1
    10 | D:5      | Noticed an orc priest
    25 | D:5      | Noticed a quasit
    25 | D:5      | Noticed a quasit
    29 | D:5      | Noticed a quasit
    32 | D:5      | Noticed a hound
    34 | D:5      | Noticed a quasit
    35 | D:5      | Noticed DeathPants's ghost (novice NaVM)
    43 | D:5      | Found a transporter.
    48 | D:5      | Noticed a hound
    51 | D:5      | Killed a hound
    52 | D:5      | Reached skill level 7 in Stealth
    52 | D:5      | Reached XP level 2. HP: 13/21 MP: 1/3
    52 | D:5      | Reached XP level 3. HP: 17/26 MP: 1/4
   129 | D:5      | Found an opulent altar of Gozag.
   136 | D:5      | Became a worshipper of Gozag Ym Sagoz the Greedy
   177 | D:5      | Noticed a centaur
   215 | D:5      | Noticed a scorpion
   228 | D:5      | Slain by a scorpion

Illustrated notes

Levels and vault maps discovered:
D:5:      layout_cave_pools, grunt_gozag_statues, gammafunk_ghost_stat_death

Skill      XL: |  1 |
---------------+----+-----
Stealth        | 7 |  7.2
Fighting       | |  3.2
Long Blades    | |  2.2
Dodging        | |  2.2
Spellcasting   | |  0.6

Action                     || total
---------------------------++-------
  Melee: Falchion          ||     9
         Constrict         ||     2
         Tentacles         ||     1
    Use: Scroll            ||     1
   Stab: Sleeping          ||     1
 Armour: Skin              ||     1
  Dodge: Dodged            ||     3

Table legend: (Time is in decaauts)
 A = Elapsed time spent in this place.
 B = Non-inter-level travel time spent in this place.
 C = Inter-level travel time spent in this place.
 D = Time resting spent in this place.
 E = Time spent auto-exploring this place.
 F = Levels seen in this place.
 G = Mean time per level.
                   A        B        C        D        E       F      G
               +--------+--------+--------+--------+--------+-----+--------+
         Total |    229 |    229 |      0 |     29 |      0 |   1 |  229.0 |
       Dungeon |    229 |    229 |      0 |     29 |      0 |   1 |  229.0 |
               +--------+--------+--------+--------+--------+-----+--------+

Top non-repeatable levels by time:
     D:5: 229 daAuts
